 Dungeon Crawl Stone Soup version 0.29-a0-802-g34511f41fd (webtiles) character file.

Game seed: 396236665444307044

128 pokeman the Magician (level 4, 0/25 HPs)
             Began as a Deep Elf Hedge Wizard on July 3, 2022.
             Slain by a river rat (5 damage)
             ... on level 3 of the Dungeon.
             The game lasted 00:05:17 (2489 turns).

pokeman the Magician (Deep Elf Hedge Wizard)        Turns: 2489, Time: 00:05:18

Health: 0/25       AC:  6    Str:  7    XL:     4   Next: 86%
Magic:  7/22       EV: 13    Int: 21    God:
Gold:   49         SH:  0    Dex: 17    Spells: 3/14 levels left

rFire   . . .      SeeInvis .   p - +2 short sword (elec)
rCold   + . .      Faith    .   (no shield)
rNeg    . . .      Spirit   .   b - +0 robe
rPois   .          Reflect  .   q - +0 helmet
rElec   .          Harm     .   (no cloak)
rCorr   .          Rampage  .   j - +2 pair of gloves {Dex+3}
Will    .....                   (no boots)
Stlth   ++........              (no amulet)
HPRegen 0.08/turn               x - ring of magical power
MPRegen 0.18/turn               t - ring of protection from cold

@: very slightly contaminated
A: no striking features
a: no special abilities


You were on level 3 of the Dungeon.
You visited 1 branch of the dungeon, and saw 3 of its levels.

You collected 49 gold pieces.

Inventory:

Hand Weapons
 p - a +2 short sword of electrocution (weapon)
Armour
 b - a +0 robe (worn)
 j - a +2 pair of gloves of dexterity (worn)
 q - a +0 helmet (worn)
 w - a +0 leather armour
Magical Staves
 g - a staff of air
Jewellery
 r - a ring of resist corrosion
 t - a ring of protection from cold (right hand)
 x - a ring of magical power (left hand)
Scrolls
 c - 2 scrolls of amnesia {unknown}
 e - a scroll of teleportation {unknown}
 k - 2 scrolls of blinking {unknown}
 n - a scroll of noise {unknown}
 o - a scroll of enchant armour {unknown}
 u - a scroll of immolation {unknown}
Potions
 a - 2 potions of might {unknown}
 d - a potion of magic
 f - a potion of heal wounds {unknown}
 h - a potion of degeneration {unknown}
 i - 3 potions of mutation {unknown}
 l - a potion of flight {unknown}
 m - 2 potions of brilliance {unknown}
 s - a potion of curing {unknown}
 v - a potion of attraction {unknown}


   Skills:
 - Level 1.0 Fighting
 - Level 1.0 Armour
 - Level 3.0 Dodging
 - Level 3.0 Stealth
 * Level 5.9 Spellcasting
 + Level 2.4 Conjurations
 - Level 1.1 Summonings
 - Level 1.1 Translocations
 + Level 0.0 Fire Magic
 + Level 0.0 Air Magic


You had 3 spell levels left.
You knew the following spells:

 Your Spells              Type           Power      Damage    Failure   Level
a - Magic Dart            Conj           64%        1d6       3%          1
b - Mephitic Cloud        Conj/Pois/Air  9%         N/A       22%         3
c - Call Imp              Summ           10%        N/A       10%         2
d - Blink                 Tloc           20%        N/A       10%         2
e - Conjure Flame         Conj/Fire      11%        6-21      19%         3

Your spell library contained the following spells:

 Spells                   Type           Power      Damage    Failure   Level
 Slow                     Hex            24%        N/A       10%         1


Dungeon Overview and Level Annotations

Branches:
Dungeon (3/15)

Altars:
Elyvilon

Shops:
D:1 (   D:3 =


Message History

An adder comes into view.
The river rat is engulfed in noxious fumes.
The river rat appears confused.
The river rat runs around in a circle.
The river rat barely misses you.
The river rat bites itself.
The adder hisses angrily.
You hit the river rat but do no damage.
Lightning courses through the river rat!
You kill the river rat!
You hear the rusting of a drain very nearby.
Your Dodging skill increases to level 3!
Your Stealth skill increases to level 3!
You hit the river rat but do no damage.
The river rat is moderately wounded.
The river rat bites you. The river rat misses you.
Unknown command.
The river rat attacks as you move away! The river rat bites you!
* * * LOW HITPOINT WARNING * * *
Unknown command.
Casting: Mephitic Cloud (extremely dangerous; 22% risk of failure)
Confirm with . or Enter, or press ? or * to list all spells.
The spell is extremely dangerous to miscast (22% risk of failure)!
Continue anyway?
Aiming: Mephitic Cloud (extremely dangerous; 22% risk of failure)
Press: ? - help, Shift-Dir - straight line, f - river rat
Aim: a river rat (chance to affect: 91%) That beam is likely to hit you.
Continue anyway?
You miscast Mephitic Cloud.
You are very lightly contaminated with residual magic.
Nothing appears to happen.
The river rat bites you but does no damage.
Unknown command.
Casting: Mephitic Cloud (extremely dangerous; 22% risk of failure)
Confirm with . or Enter, or press ? or * to list all spells.
The spell is extremely dangerous to miscast (22% risk of failure)!
Continue anyway?
Aiming: Mephitic Cloud (extremely dangerous; 22% risk of failure)
Press: ? - help, Shift-Dir - straight line, f/p - river rat
Aim: a river rat (chance to affect: 91%) That beam is likely to hit you.
Continue anyway?
You miscast Mephitic Cloud.
Nothing appears to happen.
The river rat bites you.
You die...

#..8 #.B... ## #...#
##..... . ###. +..<+
...... .. #... #...#
#..... ...###...###..∩#
##.....
..........##...###...###
##.....>.)?..8.........
#.....##w#.#......#.###
#.@rS#.##.#.###.#
#####w†...#.....#
#.....#.##### #≈w...#.#
#≈.....## ≈≈≈≈..#.#
#≈#≈..##.# #≈≈≈..##.#
#≈#...# .#


You could see 2 worms, an adder and a river rat.

Vanquished Creatures
  5 adders
  A river rat (D:3)
  2 worms (D:3)
  2 dart slugs
  2 ball pythons
  4 endoplasms
  3 giant cockroaches
  10 goblins
  8 hobgoblins
  2 jackals (D:3)
  7 kobolds
  2 quokkas (D:1)
  4 bats (D:2)
  3 frilled lizards
  7 rats
62 creatures vanquished.

Notes
Turn   | Place    | Note
-------+----------+-------------------------------------------
     0 | D:1      | pokeman the Deep Elf Hedge Wizard began the quest for the
                  | Orb.
     0 | D:1      | Reached XP level 1. HP: 10/10 MP: 7/7
   114 | D:1      | Found Cenoxy's Antique Weapon Boutique.
   293 | D:1      | Reached XP level 2. HP: 5/15 MP: 2/9
   597 | D:1      | Reached skill level 5 in Spellcasting
  1158 | D:2      | Reached XP level 3. HP: 20/20 MP: 7/11
  1162 | D:2      | Learned a level 3 spell: Mephitic Cloud
  1165 | D:2      | Learned a level 2 spell: Call Imp
  1168 | D:2      | Learned a level 2 spell: Blink
  1172 | D:2      | Learned a level 3 spell: Conjure Flame
  1507 | D:2      | Reached skill level 1 in Fighting
  1619 | D:2      | Reached skill level 1 in Armour
  2320 | D:3      | Reached XP level 4. HP: 25/25 MP: 3/13
  2395 | D:3      | Found a white marble altar of Elyvilon.
  2442 | D:3      | Found Ahofunn's Jewellery Emporium.
  2489 | D:3      | Slain by a river rat

Illustrated notes

Levels and vault maps discovered:
D:1:      lemuel_arrival_rhombus, layout_rooms, serial_shops,
          nicolae_shop_hallway_stairs, minmay_surrounded
D:2:      layout_basic, minmay_bisected
D:3:      layout_basic, mainiacjoe_overflow_tiny_flanked,
          ebering_ecumenical_altar_abandoned, lightli_sewer_entry_pipes,
          serial_shops, shop_statue, uniq_natasha

Skill      XL: |  1  2  3  4 |
---------------+-------------+-----
Spellcasting   | 5 |  5.9
Fighting       | 1 |  1.0
Armour         | 1 |  1.0
Conjurations   | 2 |  2.4
Dodging        | 3 |  3.0
Stealth        | 3 |  3.0
Summonings     | |  1.1
Translocations | |  1.1

Action                   |  1- 3 |  4- 6 || total
-------------------------+-------+-------++-------
Melee: War axe           |    18 |       ||    18
       Short sword       |     5 |    32 ||    37
 Cast: Magic Dart        |   104 |     3 ||   107
       Mephitic Cloud    |       |     4 ||     4
 Stab: Confused          |       |     3 ||     3
Armor: Robe              |     6 |    11 ||    17
Dodge: Dodged            |    34 |    20 ||    54

Table legend: (Time is in decaauts)
 A = Elapsed time spent in this place.
 B = Non-inter-level travel time spent in this place.
 C = Inter-level travel time spent in this place.
 D = Time resting spent in this place.
 E = Time spent auto-exploring this place.
 F = Levels seen in this place.
 G = Mean time per level.
                   A        B        C        D        E       F      G
               +--------+--------+--------+--------+--------+-----+--------+
         Total |   2498 |   2475 |     23 |     24 |   1973 |   3 |  832.7 |
       Dungeon |   2498 |   2475 |     23 |     24 |   1973 |   3 |  832.7 |
               +--------+--------+--------+--------+--------+-----+--------+

Top non-repeatable levels by time:
     D:1: 1162 daAuts
     D:2: 1130 daAuts
     D:3: 205 daAuts
